Canadiens vs Maple Leafs
(R1)
Created - 8 décembre 2012 at 18:59
Goals
|
| Canadiens |
0 |
1 |
0 |
1 |
| Maple Leafs |
2 |
1 |
1 |
4 |
|
Shots
|
| Canadiens |
14 |
11 |
6 |
31 |
| Maple Leafs |
14 |
13 |
6 |
33 |
|
1st period
1. Maple Leafs , Claude Giroux 4 (Peter Forsberg) at 6:56
2. Maple Leafs , Steve Ott 2 (Scott Walker, Jordan Leopold) at 16:02
Penalties :
Dustin Penner (Tor) for Hooking (Minor) at 6:48, Michel Ouellet (Mon) for Hooking (Minor) at 6:48
2nd period
3. Canadiens , Shane O'Brien 1 (Tyler Arnason, Michel Ouellet) at 2:25
4. Maple Leafs , Zach Parise 4 (Derek Roy, Brad Boyes) at 6:54
Penalties :
Tomas Kloucek (Mon) for Hooking (Minor) at 8:12, Robert Nilsson (Mon) for Hooking (Minor) at 19:04
3rd period
5. Maple Leafs , Claude Giroux 5 (Stephane Robidas, Peter Forsberg) at 1:38
Penalties :
Dustin Penner (Tor) for Holding (Minor) at 1:30, Eric Cairns (Mon) for Holding (Minor) at 1:30, Shane O'Brien (Mon) for Hooking (Minor) at 3:45, Rob Niedermayer (Tor) for Roughing (Double Minor) at 9:51, Richard Zednik (Mon) for Holding (Minor) at 18:52, Robert Nilsson (Mon) for Interference (Minor) at 19:09
Goalie Stats
Kari Lehtonen (Mon), 29 saves from 33 shots - (0,879), L, 4-3-0, 60:00 minutes
Marc-André Fleury (Tor), 30 saves from 31 shots - (0,968), W, 5-3-1, 60:00 minutes
Players Stats for Canadiens
Player Name G A P +/- PIM S H SB GA TA FO MP PP MP PK MP
------------------------------------------------------------------------------------
Alexei Yashin 0 0 0 0 0 0 0 0 1 0 3/5 12:27 0:09 1:33
Donald Brashear 0 0 0 -2 0 1 2 0 1 1 0/1 24:22 1:52 4:08
Duncan Keith 0 0 0 -3 0 0 1 1 2 0 0/0 28:38 2:01 4:15
Eric Cairns 0 0 0 0 2 1 0 0 0 1 0/0 19:08 1:42 2:49
Éric Desjardins 0 0 0 -3 0 1 1 2 0 1 0/0 28:38 2:01 4:15
Marek Svatos 0 0 0 0 0 2 0 1 0 0 0/1 17:29 1:52 0:00
Michel Ouellet 0 1 1 0 2 1 0 0 0 0 0/0 8:49 0:41 0:00
Patrick Eaves 0 0 0 0 0 3 0 0 0 0 0/0 9:05 0:00 0:00
Richard Zednik 0 0 0 -1 2 3 1 0 1 0 0/0 13:08 1:26 0:00
Robert Nilsson 0 0 0 -2 4 5 0 0 0 0 11/30 22:39 1:52 2:31
Ryan Bayda 0 0 0 0 0 1 1 1 0 0 5/8 11:03 0:09 3:06
Ryane Clowe 0 0 0 0 0 2 5 0 0 0 0/0 11:31 0:32 1:03
Shane O'Brien 1 0 1 0 2 1 1 0 0 0 0/0 12:50 0:16 0:54
Tomas Holmstrom 0 0 0 -1 0 4 2 1 1 0 0/1 13:09 1:26 0:00
Tomas Kloucek 0 0 0 0 2 1 0 1 0 0 0/0 18:30 1:42 1:55
Tyler Arnason 0 1 1 0 0 1 2 0 0 0 2/3 9:04 0:32 0:00
Tyler Sloan 0 0 0 0 0 0 0 0 0 0 0/0 12:14 0:16 0:00
Viktor Kozlov 0 0 0 -1 0 4 0 0 0 1 6/20 15:17 1:26 0:56
Players Stats for Maple Leafs
Player Name G A P +/- PIM S H SB GA TA FO MP PP MP PK MP
------------------------------------------------------------------------------------
Alex Goligoski 0 0 0 1 0 0 2 3 0 0 0/0 20:03 1:48 1:30
Andy Hilbert 0 0 0 0 0 0 1 0 0 0 0/0 5:46 0:00 1:07
Brad Boyes 0 1 1 1 0 1 0 0 0 1 0/0 20:59 2:43 0:53
Brett Clark 0 0 0 0 0 0 0 1 0 0 0/0 12:51 0:00 1:30
Claude Giroux 2 0 2 1 0 6 0 0 1 1 0/1 25:12 4:21 1:51
Derek Roy 0 1 1 1 0 2 1 0 1 0 8/15 16:00 2:43 1:04
Dion Phaneuf 0 0 0 2 0 4 3 1 1 1 0/0 29:52 5:16 2:00
Dustin Penner 0 0 0 -1 4 0 0 0 0 0 0/0 20:16 2:43 0:08
Jordan Leopold 0 1 1 0 0 1 0 0 0 0 0/0 10:05 0:00 0:29
Lasse Kukkonen 0 0 0 0 0 0 0 0 0 1 0/0 5:18 0:00 0:29
Paul Stastny 0 0 0 0 0 1 0 0 0 0 0/1 5:09 0:00 0:08
Peter Forsberg 0 2 2 1 0 5 2 0 0 0 25/36 25:02 4:21 1:54
Rob Niedermayer 0 0 0 1 4 3 1 0 0 0 7/12 11:40 0:00 0:00
Scott Walker 0 1 1 1 0 1 0 0 0 0 1/2 11:34 0:00 0:00
Stephane Robidas 0 1 1 3 0 0 2 1 0 1 0/0 24:22 5:16 2:00
Steve Ott 1 0 1 1 0 4 1 0 1 1 0/1 11:34 0:00 0:00
Tobias Enstrom 0 0 0 0 0 2 1 2 0 0 0/0 17:29 1:48 0:00
Zach Parise 1 0 1 1 0 3 5 0 0 0 1/1 18:48 4:21 0:53
3 Stars
1 - Claude Giroux (Tor)
2 - Marc-André Fleury (Tor)
3 - Zach Parise (Tor)
Power Play
Canadiens - 0 on 2 Attempt(s) - 0,00%
Maple Leafs - 0 on 5 Attempt(s) - 0,00%
Penalty Kill
Canadiens - 5 on 5 Attempt(s) - 100,00%
- Score 0 goal in Penalty Kill
Maple Leafs - 2 on 2 Attempt(s) - 100,00%
- Score 0 goal in Penalty Kill
Official
Referees : Jackson Dave and Furlatt Eric
Linesman : Brad Kovachik and Thor Nelson
Game Notes
No Game Note
Finance
Level 1 -- Attendance: 4867 (81,12%) -- Ticket Income 486 700 $
Level 2 -- Attendance: 3827 (76,54%) -- Ticket Income 229 620 $
Level 3 -- Attendance: 1620 (81,00%) -- Ticket Income 56 700 $
Level 4 -- Attendance: 3394 (84,85%) -- Ticket Income 67 880 $
Luxury Box -- Attendance: 770 (77,00%) -- Ticket Income 154 000 $
Game was played at the Maple Leafs Garden
Total Attendance: 14478 (80,43%)
Total Ticket Income: 994 900 $
Total Income: 994 900 $
Canadiens
5 vs 5 Forward
Center Left Wing Right Wing Time % Phy DF OF
1 Robert Nilsson Donald Brashear Marek Svatos 40 1 2 2
2 Viktor Kozlov Tomas Holmstrom Richard Zednik 30 1 2 2
3 Alexei Yashin Ryane Clowe Patrick Eaves 20 1 2 2
4 Tyler Arnason Ryan Bayda Michel Ouellet 10 1 2 2
5 vs 5 Defense
Defense Defense Time % Phy DF OF
1 Duncan Keith Éric Desjardins 40 1 2 2
2 Eric Cairns Tomas Kloucek 30 1 2 2
3 Tyler Sloan Shane O'Brien 20 1 2 2
4 Duncan Keith Éric Desjardins 10 1 2 2
PowerPlay Forward
Center Left Wing Right Wing Time % Phy DF OF
1 Robert Nilsson Donald Brashear Marek Svatos 60 1 2 2
2 Viktor Kozlov Tomas Holmstrom Richard Zednik 40 1 2 2
PowerPlay Defense
Defense Defense Time % Phy DF OF
1 Duncan Keith Éric Desjardins 60 1 2 2
2 Eric Cairns Tomas Kloucek 40 1 2 2
Penalty Kill 4 Players Forward
Center Wing Time % Phy DF OF
1 Robert Nilsson Donald Brashear 60 1 2 2
2 Viktor Kozlov Alexei Yashin 40 1 2 2
Penalty Kill 4 Players Defense
Defense Defense Time % Phy DF OF
1 Duncan Keith Éric Desjardins 60 1 2 2
2 Eric Cairns Tomas Kloucek 40 1 2 2
Penalty Kill - 3 Players Forward
Forward Time % Phy DF OF
1 Robert Nilsson 60 1 2 2
2 Donald Brashear 40 1 2 2
Penalty Kill - 3 Players Defense
Defense Defense Time % Phy DF OF
1 Duncan Keith Éric Desjardins 60 1 2 2
2 Eric Cairns Tomas Kloucek 40 1 2 2
4 vs 4 Forward
Center Wing Time % Phy DF OF
1 Robert Nilsson Donald Brashear 60 1 2 2
2 Viktor Kozlov Alexei Yashin 40 1 2 2
4 vs 4 Defense
Defense Defense Time % Phy DF OF
1 Duncan Keith Éric Desjardins 60 1 2 2
2 Eric Cairns Tomas Kloucek 40 1 2 2
Last Minutes Offensive
Center Left Wing Right Wing Defense Defense
Robert Nilsson Donald Brashear Marek Svatos Duncan Keith Éric Desjardins
Last Minutes Defensive
Center Left Wing Right Wing Defense Defense
Robert Nilsson Donald Brashear Marek Svatos Duncan Keith Éric Desjardins
Goaltenders
Starting : Kari Lehtonen
Backup : Mikael Tellqvist
Extra Forwards
Normal : Tyler Arnason, Ryane Clowe, Ryan Bayda - PP : Tyler Arnason, Ryane Clowe - PK : Ryan Bayda
Extra Defensemen
Normal : Tyler Sloan, Shane O'Brien, Eric Cairns - PP : Tyler Sloan - PK : Shane O'Brien, Eric Cairns
Penalty Shots
Robert Nilsson, Donald Brashear, Viktor Kozlov, Alexei Yashin, Tomas Holmstrom
Maple Leafs
5 vs 5 Forward
Center Left Wing Right Wing Time % Phy DF OF
1 Peter Forsberg Dustin Penner Claude Giroux 40 1 1 3
2 Derek Roy Zach Parise Brad Boyes 30 1 2 2
3 Rob Niedermayer Steve Ott Scott Walker 20 1 3 1
4 Paul Stastny Andy Hilbert Brad Boyes 10 1 2 2
5 vs 5 Defense
Defense Defense Time % Phy DF OF
1 Dion Phaneuf Tobias Enstrom 40 1 2 2
2 Stephane Robidas Alex Goligoski 30 1 2 2
3 Brett Clark Jordan Leopold 20 1 2 2
4 Dion Phaneuf Lasse Kukkonen 10 1 2 2
PowerPlay Forward
Center Left Wing Right Wing Time % Phy DF OF
1 Peter Forsberg Zach Parise Claude Giroux 60 1 2 2
2 Derek Roy Dustin Penner Brad Boyes 40 1 2 2
PowerPlay Defense
Defense Defense Time % Phy DF OF
1 Dion Phaneuf Stephane Robidas 60 1 2 2
2 Tobias Enstrom Alex Goligoski 40 1 2 2
Penalty Kill 4 Players Forward
Center Wing Time % Phy DF OF
1 Peter Forsberg Claude Giroux 60 1 2 2
2 Zach Parise Brad Boyes 40 1 2 2
Penalty Kill 4 Players Defense
Defense Defense Time % Phy DF OF
1 Dion Phaneuf Stephane Robidas 60 1 2 2
2 Brett Clark Alex Goligoski 40 1 2 2
Penalty Kill - 3 Players Forward
Forward Time % Phy DF OF
1 Peter Forsberg 60 1 2 2
2 Claude Giroux 40 1 2 2
Penalty Kill - 3 Players Defense
Defense Defense Time % Phy DF OF
1 Dion Phaneuf Tobias Enstrom 60 1 2 2
2 Brett Clark Alex Goligoski 40 1 2 2
4 vs 4 Forward
Center Wing Time % Phy DF OF
1 Peter Forsberg Claude Giroux 60 1 2 2
2 Zach Parise Brad Boyes 40 1 2 2
4 vs 4 Defense
Defense Defense Time % Phy DF OF
1 Dion Phaneuf Stephane Robidas 60 1 2 2
2 Brett Clark Alex Goligoski 40 1 2 2
Last Minutes Offensive
Center Left Wing Right Wing Defense Defense
Peter Forsberg Zach Parise Claude Giroux Dion Phaneuf Tobias Enstrom
Last Minutes Defensive
Center Left Wing Right Wing Defense Defense
Peter Forsberg Zach Parise Claude Giroux Dion Phaneuf Tobias Enstrom
Goaltenders
Starting : Marc-André Fleury
Backup : Mike Dunham
Extra Forwards
Normal : Claude Giroux, Peter Forsberg, Paul Stastny - PP : Brad Boyes, Claude Giroux - PK : Rob Niedermayer
Extra Defensemen
Normal : Tobias Enstrom, Jordan Leopold, Brett Clark - PP : Tobias Enstrom - PK : Jordan Leopold, Brett Clark
Penalty Shots
Peter Forsberg, Claude Giroux, Zach Parise, Brad Boyes, Derek Roy
% Time on Ice - Canadiens
Lines # - Real PCT - Wanted PCT - Time Play
Normal Forward
1 - 37% - 40% - 16:26
2 - 26% - 30% - 11:44
3 - 20% - 20% - 9:05
4 - 17% - 10% - 7:44
Normal Defense
1 - 40% - 40% - 17:58
2 - 31% - 30% - 13:49
3 - 24% - 20% - 10:50
4 - 5% - 10% - 2:22
PP Forward
1 - 64% - 60% - 2:33
2 - 36% - 40% - 1:26
PP Defense
1 - 57% - 60% - 2:17
2 - 43% - 40% - 1:42
PK Forward
1 - 85% - 60% - 5:18
2 - 15% - 40% - 0:56
PK Defense
1 - 58% - 60% - 3:38
2 - 42% - 40% - 2:36
PK3 Forward
1 - 100% - 60% - 0:50
2 - 0% - 40% - 0:00
PK3 Defense
1 - 74% - 60% - 0:37
2 - 26% - 40% - 0:13
44 Forward
1 - 70% - 60% - 2:47
2 - 30% - 40% - 1:11
44 Defense
1 - 59% - 60% - 2:20
2 - 41% - 40% - 1:38
Last Minute Offensive - 0:00
Last Minute Defensive - 0:00
Total
Forward - 60:00
Defense - 60:00
|
% Time on Ice - Maple Leafs
Lines # - Real PCT - Wanted PCT - Time Play
Normal Forward
1 - 37% - 40% - 16:46
2 - 28% - 30% - 12:38
3 - 26% - 20% - 11:34
4 - 9% - 10% - 4:01
Normal Defense
1 - 37% - 40% - 16:33
2 - 33% - 30% - 14:51
3 - 20% - 20% - 9:11
4 - 10% - 10% - 4:24
PP Forward
1 - 62% - 60% - 4:21
2 - 38% - 40% - 2:43
PP Defense
1 - 75% - 60% - 5:16
2 - 25% - 40% - 1:48
PK Forward
1 - 78% - 60% - 3:06
2 - 22% - 40% - 0:53
PK Defense
1 - 62% - 60% - 2:29
2 - 38% - 40% - 1:30
PK3 Forward
1 - 0% - 60%
2 - 0% - 40%
PK3 Defense
1 - 0% - 60%
2 - 0% - 40%
44 Forward
1 - 70% - 60% - 2:46
2 - 30% - 40% - 1:12
44 Defense
1 - 52% - 60% - 2:04
2 - 48% - 40% - 1:54
Last Minute Offensive - 0:00
Last Minute Defensive - 0:00
Total
Forward - 60:00
Defense - 60:00
|
Play by Play
1st period
0:01 of 1st period - Peter Forsberg wins face-off versus Donald Brashear in neutral zone.
0:35 of 1st period - Snap shot by Viktor Kozlov.
0:35 of 1st period - Stopped by Marc-André Fleury without a rebound.
0:36 of 1st period - Viktor Kozlov wins face-off versus Derek Roy in Maple Leafs zone.
1:07 of 1st period - Wrist shot by Zach Parise.
1:07 of 1st period - Shot Misses the Net.
1:36 of 1st period - Wrist shot by Richard Zednik.
1:36 of 1st period - Stopped by Marc-André Fleury with a rebound.
1:38 of 1st period - Snap shot by Eric Cairns.
1:38 of 1st period - Shot Blocked by Brett Clark.
1:46 of 1st period - Wrist shot by Zach Parise.
1:46 of 1st period - Stopped by Kari Lehtonen with a rebound.
1:52 of 1st period - Backhand shot by Richard Zednik.
1:52 of 1st period - Stopped by Marc-André Fleury without a rebound.
1:53 of 1st period - Alexei Yashin wins face-off versus Rob Niedermayer in Maple Leafs zone.
2:04 of 1st period - Wrist shot by Patrick Eaves.
2:04 of 1st period - Stopped by Marc-André Fleury without a rebound.
2:05 of 1st period - Peter Forsberg wins face-off versus Robert Nilsson in Maple Leafs zone.
2:05 of 1st period - Peter Forsberg is hit by Donald Brashear.
2:17 of 1st period - Wrist shot by Robert Nilsson.
2:17 of 1st period - Stopped by Marc-André Fleury with a rebound.
2:31 of 1st period - Alex Goligoski is hit by Ryane Clowe and loses puck.
3:15 of 1st period - Snap shot by Robert Nilsson.
3:15 of 1st period - Stopped by Marc-André Fleury without a rebound.
3:16 of 1st period - Robert Nilsson wins face-off versus Peter Forsberg in Maple Leafs zone.
3:29 of 1st period - Snap shot by Peter Forsberg.
3:29 of 1st period - Stopped by Kari Lehtonen without a rebound.
3:30 of 1st period - Rob Niedermayer wins face-off versus Alexei Yashin in Canadiens zone.
3:39 of 1st period - Snap shot by Steve Ott.
3:39 of 1st period - Shot Hit the Post.
3:41 of 1st period - Wrist shot by Rob Niedermayer.
3:41 of 1st period - Shot Misses the Net.
4:24 of 1st period - Slapshot by Claude Giroux.
4:24 of 1st period - Shot Misses the Net.
4:50 of 1st period - Snap shot by Richard Zednik.
4:50 of 1st period - Shot Blocked by Alex Goligoski.
4:52 of 1st period - Wrist shot by Viktor Kozlov.
4:52 of 1st period - Stopped by Marc-André Fleury with a rebound.
6:02 of 1st period - Snap shot by Richard Zednik.
6:02 of 1st period - Stopped by Marc-André Fleury with a rebound.
6:41 of 1st period - Snap shot by Brad Boyes.
6:41 of 1st period - Deflect By Peter Forsberg.
6:41 of 1st period - Stopped by Kari Lehtonen with a rebound.
6:43 of 1st period - Slapshot by Dion Phaneuf.
6:43 of 1st period - Shot Misses the Net.
6:45 of 1st period - Slapshot by Tobias Enstrom.
6:45 of 1st period - Shot Misses the Net.
6:48 of 1st period - Minor Penalty to Dustin Penner for Hooking.
6:48 of 1st period - Minor Penalty to Michel Ouellet for Hooking.
6:49 of 1st period - Peter Forsberg wins face-off versus Robert Nilsson in Canadiens zone.
6:54 of 1st period - Wrist shot by Peter Forsberg.
6:54 of 1st period - Shot Misses the Net.
6:56 of 1st period - Backhand shot by Claude Giroux.
6:56 of 1st period - Goal by Claude Giroux - Canadiens : 0 - Maple Leafs : 1.
6:57 of 1st period - Peter Forsberg wins face-off versus Robert Nilsson in neutral zone.
8:31 of 1st period - Alexei Yashin is hit by Peter Forsberg and loses puck.
8:48 of 1st period - Penalty to Dustin Penner is over, Dustin Penner is back on ice.
8:48 of 1st period - Penalty to Michel Ouellet is over, Michel Ouellet is back on ice.
8:56 of 1st period - Snap shot by Ryane Clowe.
8:56 of 1st period - Stopped by Marc-André Fleury with a rebound.
9:06 of 1st period - Snap shot by Donald Brashear.
9:06 of 1st period - Shot Misses the Net.
9:08 of 1st period - Slapshot by Eric Cairns.
9:08 of 1st period - Stopped by Marc-André Fleury without a rebound.
9:09 of 1st period - Rob Niedermayer wins face-off versus Viktor Kozlov in Maple Leafs zone.
9:21 of 1st period - Wrist shot by Steve Ott.
9:21 of 1st period - Deflect By Rob Niedermayer.
9:21 of 1st period - Stopped by Kari Lehtonen without a rebound.
9:22 of 1st period - Peter Forsberg wins face-off versus Tomas Holmstrom in Canadiens zone.
9:37 of 1st period - Snap shot by Peter Forsberg.
9:37 of 1st period - Deflect By Claude Giroux.
9:37 of 1st period - Stopped by Kari Lehtonen with a rebound.
9:50 of 1st period - Off-side.
9:51 of 1st period - Robert Nilsson wins face-off versus Derek Roy in neutral zone.
10:43 of 1st period - Snap shot by Donald Brashear.
10:43 of 1st period - Shot Blocked by Stephane Robidas.
10:45 of 1st period - Slapshot by Eric Cairns.
10:45 of 1st period - Shot Blocked by Alex Goligoski.
10:47 of 1st period - Snap shot by Robert Nilsson.
10:47 of 1st period - Shot Misses the Net.
10:57 of 1st period - Wrist shot by Marek Svatos.
10:57 of 1st period - Shot Misses the Net.
10:59 of 1st period - Slapshot by Robert Nilsson.
10:59 of 1st period - Stopped by Marc-André Fleury without a rebound.
11:00 of 1st period - Derek Roy wins face-off versus Viktor Kozlov in Maple Leafs zone.
11:00 of 1st period - Derek Roy is hit by Éric Desjardins.
11:05 of 1st period - Off-side.
11:06 of 1st period - Derek Roy wins face-off versus Viktor Kozlov in neutral zone.
11:54 of 1st period - Icing by Dion Phaneuf.
11:55 of 1st period - Tyler Arnason wins face-off versus Steve Ott in Maple Leafs zone.
12:00 of 1st period - Wrist shot by Tyler Arnason.
12:00 of 1st period - Shot Misses the Net.
13:09 of 1st period - Slapshot by Ryan Bayda.
13:09 of 1st period - Shot Misses the Net.
14:05 of 1st period - Tomas Kloucek is hit by Stephane Robidas and loses puck.
14:12 of 1st period - Backhand shot by Peter Forsberg.
14:12 of 1st period - Stopped by Kari Lehtonen with a rebound.
14:14 of 1st period - Slapshot by Stephane Robidas.
14:14 of 1st period - Shot Misses the Net.
14:16 of 1st period - Snap shot by Peter Forsberg.
14:16 of 1st period - Shot Misses the Net.
14:18 of 1st period - Snap shot by Peter Forsberg.
14:18 of 1st period - Shot Misses the Net.
14:20 of 1st period - Slapshot by Peter Forsberg.
14:20 of 1st period - Shot Misses the Net.
14:50 of 1st period - Wrist shot by Peter Forsberg.
14:50 of 1st period - Stopped by Kari Lehtonen without a rebound.
14:51 of 1st period - Derek Roy wins face-off versus Robert Nilsson in Canadiens zone.
14:56 of 1st period - Snap shot by Derek Roy.
14:56 of 1st period - Stopped by Kari Lehtonen without a rebound.
14:57 of 1st period - Zach Parise wins face-off versus Robert Nilsson in Canadiens zone.
15:54 of 1st period - Snap shot by Zach Parise.
15:54 of 1st period - Stopped by Kari Lehtonen without a rebound.
15:55 of 1st period - Scott Walker wins face-off versus Viktor Kozlov in Canadiens zone.
15:56 of 1st period - Snap shot by Rob Niedermayer.
15:56 of 1st period - Shot Misses the Net.
15:58 of 1st period - Wrist shot by Scott Walker.
15:58 of 1st period - Shot Blocked by Tomas Holmstrom.
16:00 of 1st period - Slapshot by Jordan Leopold.
16:00 of 1st period - Stopped by Kari Lehtonen with a rebound.
16:02 of 1st period - Snap shot by Scott Walker.
16:02 of 1st period - Deflect By Steve Ott.
16:02 of 1st period - Goal by Steve Ott - Canadiens : 0 - Maple Leafs : 2.
16:03 of 1st period - Viktor Kozlov wins face-off versus Scott Walker in neutral zone.
16:14 of 1st period - Wrist shot by Steve Ott.
16:14 of 1st period - Shot Blocked by Duncan Keith.
16:16 of 1st period - Wrist shot by Scott Walker.
16:16 of 1st period - Stopped by Kari Lehtonen without a rebound.
16:17 of 1st period - Robert Nilsson wins face-off versus Derek Roy in Canadiens zone.
16:42 of 1st period - Brad Boyes is hit by Duncan Keith and loses puck.
16:55 of 1st period - Wrist shot by Tomas Holmstrom.
16:55 of 1st period - Shot Misses the Net.
17:33 of 1st period - Wrist shot by Robert Nilsson.
17:33 of 1st period - Stopped by Marc-André Fleury without a rebound.
17:34 of 1st period - Rob Niedermayer wins face-off versus Robert Nilsson in Maple Leafs zone.
17:34 of 1st period - Rob Niedermayer is hit by Donald Brashear.
18:31 of 1st period - Slapshot by Patrick Eaves.
18:31 of 1st period - Stopped by Marc-André Fleury with a rebound.
18:33 of 1st period - Slapshot by Tomas Kloucek.
18:33 of 1st period - Stopped by Marc-André Fleury without a rebound.
18:34 of 1st period - Peter Forsberg wins face-off versus Robert Nilsson in Maple Leafs zone.
18:49 of 1st period - Snap shot by Peter Forsberg.
18:49 of 1st period - Stopped by Kari Lehtonen without a rebound.
18:50 of 1st period - Rob Niedermayer wins face-off versus Viktor Kozlov in Canadiens zone.
19:34 of 1st period - Shane O'Brien is hit by Zach Parise and loses puck.
19:45 of 1st period - Derek Roy is hit by Shane O'Brien and loses puck.
19:58 of 1st period - Snap shot by Ryan Bayda.
19:58 of 1st period - Shot Blocked by Alex Goligoski.
2nd period
0:01 of 2nd period - Peter Forsberg wins face-off versus Robert Nilsson in neutral zone.
0:26 of 2nd period - Duncan Keith is hit by Steve Ott and loses puck.
0:56 of 2nd period - Wrist shot by Paul Stastny.
0:56 of 2nd period - Stopped by Kari Lehtonen without a rebound.
0:57 of 2nd period - Peter Forsberg wins face-off versus Viktor Kozlov in Canadiens zone.
1:52 of 2nd period - Wrist shot by Steve Ott.
1:52 of 2nd period - Stopped by Kari Lehtonen with a rebound.
2:02 of 2nd period - Tyler Arnason is hit by Tobias Enstrom and loses puck.
2:19 of 2nd period - Wrist shot by Michel Ouellet.
2:19 of 2nd period - Shot Misses the Net.
2:23 of 2nd period - Wrist shot by Tyler Arnason.
2:23 of 2nd period - Stopped by Marc-André Fleury with a rebound.
2:25 of 2nd period - Slapshot by Shane O'Brien.
2:25 of 2nd period - Goal by Shane O'Brien - Canadiens : 1 - Maple Leafs : 2.
2:26 of 2nd period - Peter Forsberg wins face-off versus Viktor Kozlov in neutral zone.
3:37 of 2nd period - Wrist shot by Viktor Kozlov.
3:37 of 2nd period - Shot Misses the Net.
3:39 of 2nd period - Snap shot by Richard Zednik.
3:39 of 2nd period - Shot Blocked by Tobias Enstrom.
3:41 of 2nd period - Snap shot by Tomas Holmstrom.
3:41 of 2nd period - Stopped by Marc-André Fleury without a rebound.
3:42 of 2nd period - Peter Forsberg wins face-off versus Viktor Kozlov in Maple Leafs zone.
3:42 of 2nd period - Peter Forsberg is hit by Tomas Holmstrom.
3:49 of 2nd period - Tobias Enstrom is hit by Richard Zednik and loses puck.
3:52 of 2nd period - Slapshot by Tobias Enstrom.
3:52 of 2nd period - Stopped by Kari Lehtonen without a rebound.
3:53 of 2nd period - Peter Forsberg wins face-off versus Robert Nilsson in Canadiens zone.
4:28 of 2nd period - Wrist shot by Tomas Holmstrom.
4:28 of 2nd period - Stopped by Marc-André Fleury with a rebound.
4:34 of 2nd period - Slapshot by Dion Phaneuf.
4:34 of 2nd period - Stopped by Kari Lehtonen with a rebound.
4:52 of 2nd period - Wrist shot by Steve Ott.
4:52 of 2nd period - Shot Misses the Net.
4:54 of 2nd period - Snap shot by Steve Ott.
4:54 of 2nd period - Stopped by Kari Lehtonen without a rebound.
4:55 of 2nd period - Peter Forsberg wins face-off versus Robert Nilsson in Canadiens zone.
5:22 of 2nd period - Éric Desjardins is hit by Zach Parise and loses puck.
5:43 of 2nd period - Off-side.
5:44 of 2nd period - Alexei Yashin wins face-off versus Rob Niedermayer in neutral zone.
6:05 of 2nd period - Scott Walker is hit by Ryane Clowe and loses puck.
6:12 of 2nd period - Slapshot by Patrick Eaves.
6:12 of 2nd period - Stopped by Marc-André Fleury with a rebound.
6:17 of 2nd period - Off-side.
6:18 of 2nd period - Robert Nilsson wins face-off versus Peter Forsberg in neutral zone.
6:45 of 2nd period - Tyler Arnason is hit by Zach Parise and loses puck.
6:54 of 2nd period - Snap shot by Derek Roy.
6:54 of 2nd period - Deflect By Zach Parise.
6:54 of 2nd period - Goal by Zach Parise - Canadiens : 1 - Maple Leafs : 3.
6:55 of 2nd period - Peter Forsberg wins face-off versus Robert Nilsson in neutral zone.
7:04 of 2nd period - Snap shot by Robert Nilsson.
7:04 of 2nd period - Stopped by Marc-André Fleury with a rebound.
7:10 of 2nd period - Slapshot by Donald Brashear.
7:10 of 2nd period - Shot Misses the Net.
7:45 of 2nd period - Wrist shot by Ryane Clowe.
7:45 of 2nd period - Stopped by Marc-André Fleury without a rebound.
7:46 of 2nd period - Rob Niedermayer wins face-off versus Alexei Yashin in Maple Leafs zone.
8:12 of 2nd period - Minor Penalty to Tomas Kloucek for Hooking.
8:13 of 2nd period - Robert Nilsson wins face-off versus Peter Forsberg in Canadiens zone.
8:28 of 2nd period - Robert Nilsson is hit by Stephane Robidas and loses puck.
8:40 of 2nd period - Icing by Dustin Penner.
8:41 of 2nd period - Robert Nilsson wins face-off versus Derek Roy in Maple Leafs zone.
9:23 of 2nd period - Wrist shot by Brad Boyes.
9:23 of 2nd period - Deflect By Derek Roy.
9:23 of 2nd period - Stopped by Kari Lehtonen with a rebound.
9:25 of 2nd period - Slapshot by Dion Phaneuf.
9:25 of 2nd period - Stopped by Kari Lehtonen without a rebound.
9:26 of 2nd period - Peter Forsberg wins face-off versus Viktor Kozlov in Canadiens zone.
9:53 of 2nd period - Zach Parise is hit by Ryan Bayda and loses puck.
10:12 of 2nd period - Penalty to Tomas Kloucek is over, Tomas Kloucek is back on ice.
10:20 of 2nd period - Snap shot by Viktor Kozlov.
10:20 of 2nd period - Shot Misses the Net.
10:40 of 2nd period - Snap shot by Paul Stastny.
10:40 of 2nd period - Shot Misses the Net.
11:21 of 2nd period - Snap shot by Viktor Kozlov.
11:21 of 2nd period - Deflect By Richard Zednik.
11:21 of 2nd period - Shot Misses the Net.
11:21 of 2nd period - Puck is out of play.
11:22 of 2nd period - Viktor Kozlov wins face-off versus Peter Forsberg in Maple Leafs zone.
11:23 of 2nd period - Slapshot by Tomas Holmstrom.
11:23 of 2nd period - Shot Misses the Net.
11:26 of 2nd period - Icing by Tobias Enstrom.
11:27 of 2nd period - Peter Forsberg wins face-off versus Robert Nilsson in Maple Leafs zone.
11:56 of 2nd period - Robert Nilsson is hit by Dion Phaneuf and loses puck.
12:13 of 2nd period - Slapshot by Claude Giroux.
12:13 of 2nd period - Stopped by Kari Lehtonen with a rebound.
12:15 of 2nd period - Slapshot by Tobias Enstrom.
12:15 of 2nd period - Shot Misses the Net.
13:45 of 2nd period - Snap shot by Peter Forsberg.
13:45 of 2nd period - Shot Blocked by Marek Svatos.
13:51 of 2nd period - Slapshot by Peter Forsberg.
13:51 of 2nd period - Shot Hit the Post.
13:59 of 2nd period - Snap shot by Claude Giroux.
13:59 of 2nd period - Deflect By Robert Nilsson.
13:59 of 2nd period - Shot Misses the Net.
13:59 of 2nd period - Puck is out of play.
14:00 of 2nd period - Derek Roy wins face-off versus Viktor Kozlov in Canadiens zone.
14:13 of 2nd period - Duncan Keith is hit by Alex Goligoski and loses puck.
14:32 of 2nd period - Slapshot by Alex Goligoski.
14:32 of 2nd period - Shot Misses the Net.
14:34 of 2nd period - Snap shot by Alex Goligoski.
14:34 of 2nd period - Shot Misses the Net.
14:36 of 2nd period - Wrist shot by Stephane Robidas.
14:36 of 2nd period - Deflect By Rob Niedermayer.
14:36 of 2nd period - Stopped by Kari Lehtonen without a rebound.
14:37 of 2nd period - Rob Niedermayer wins face-off versus Viktor Kozlov in Canadiens zone.
15:07 of 2nd period - Off-side.
15:08 of 2nd period - Derek Roy wins face-off versus Tyler Arnason in neutral zone.
15:24 of 2nd period - Off-side.
15:25 of 2nd period - Viktor Kozlov wins face-off versus Rob Niedermayer in neutral zone.
15:30 of 2nd period - Wrist shot by Tomas Holmstrom.
15:30 of 2nd period - Shot Misses the Net.
15:32 of 2nd period - Slapshot by Éric Desjardins.
15:32 of 2nd period - Stopped by Marc-André Fleury without a rebound.
15:33 of 2nd period - Rob Niedermayer wins face-off versus Viktor Kozlov in Maple Leafs zone.
15:42 of 2nd period - Snap shot by Tomas Holmstrom.
15:42 of 2nd period - Deflect By Viktor Kozlov.
15:42 of 2nd period - Shot Misses the Net.
15:42 of 2nd period - Puck is out of play.
15:43 of 2nd period - Derek Roy wins face-off versus Viktor Kozlov in Maple Leafs zone.
16:12 of 2nd period - Wrist shot by Scott Walker.
16:12 of 2nd period - Shot Misses the Net.
16:14 of 2nd period - Snap shot by Rob Niedermayer.
16:14 of 2nd period - Shot Blocked by Éric Desjardins.
16:16 of 2nd period - Snap shot by Rob Niedermayer.
16:16 of 2nd period - Shot Misses the Net.
16:18 of 2nd period - Slapshot by Tobias Enstrom.
16:18 of 2nd period - Stopped by Kari Lehtonen without a rebound.
16:19 of 2nd period - Derek Roy wins face-off versus Viktor Kozlov in Canadiens zone.
16:35 of 2nd period - Slapshot by Tomas Holmstrom.
16:35 of 2nd period - Stopped by Marc-André Fleury without a rebound.
16:36 of 2nd period - Robert Nilsson wins face-off versus Peter Forsberg in Maple Leafs zone.
17:11 of 2nd period - Icing by Dion Phaneuf.
17:12 of 2nd period - Alexei Yashin wins face-off versus Derek Roy in Maple Leafs zone.
17:25 of 2nd period - Slapshot by Brad Boyes.
17:25 of 2nd period - Stopped by Kari Lehtonen without a rebound.
17:26 of 2nd period - Peter Forsberg wins face-off versus Marek Svatos in Canadiens zone.
17:37 of 2nd period - Snap shot by Donald Brashear.
17:37 of 2nd period - Stopped by Marc-André Fleury without a rebound.
17:38 of 2nd period - Robert Nilsson wins face-off versus Derek Roy in Maple Leafs zone.
17:53 of 2nd period - Snap shot by Marek Svatos.
17:53 of 2nd period - Stopped by Marc-André Fleury with a rebound.
18:16 of 2nd period - Wrist shot by Brad Boyes.
18:16 of 2nd period - Shot Misses the Net.
18:18 of 2nd period - Wrist shot by Derek Roy.
18:18 of 2nd period - Shot Misses the Net.
18:20 of 2nd period - Wrist shot by Zach Parise.
18:20 of 2nd period - Deflect By Derek Roy.
18:20 of 2nd period - Shot Misses the Net.
18:20 of 2nd period - Puck is out of play.
18:21 of 2nd period - Peter Forsberg wins face-off versus Robert Nilsson in Canadiens zone.
18:26 of 2nd period - Snap shot by Claude Giroux.
18:26 of 2nd period - Stopped by Kari Lehtonen with a rebound.
19:04 of 2nd period - Minor Penalty to Robert Nilsson for Hooking.
19:05 of 2nd period - Ryan Bayda wins face-off versus Derek Roy in Canadiens zone.
3rd period
0:01 of 3rd period - Ryan Bayda wins face-off versus Peter Forsberg in neutral zone.
0:04 of 3rd period - Wrist shot by Éric Desjardins.
0:04 of 3rd period - Shot Misses the Net.
0:06 of 3rd period - Snap shot by Ryan Bayda.
0:06 of 3rd period - Stopped by Marc-André Fleury without a rebound.
0:07 of 3rd period - Ryan Bayda wins face-off versus Peter Forsberg in Maple Leafs zone.
0:18 of 3rd period - Wrist shot by Ryan Bayda.
0:18 of 3rd period - Deflect By Donald Brashear.
0:18 of 3rd period - Shot Misses the Net.
0:18 of 3rd period - Puck is out of play.
0:19 of 3rd period - Ryan Bayda wins face-off versus Peter Forsberg in Maple Leafs zone.
0:27 of 3rd period - Off-side.
0:28 of 3rd period - Ryan Bayda wins face-off versus Peter Forsberg in neutral zone.
0:45 of 3rd period - Slapshot by Dion Phaneuf.
0:45 of 3rd period - Stopped by Kari Lehtonen without a rebound.
0:46 of 3rd period - Derek Roy wins face-off versus Ryan Bayda in Canadiens zone.
0:47 of 3rd period - Slapshot by Dustin Penner.
0:47 of 3rd period - Shot Blocked by Ryan Bayda.
0:49 of 3rd period - Slapshot by Dion Phaneuf.
0:49 of 3rd period - Deflect By Donald Brashear.
0:49 of 3rd period - Stopped by Kari Lehtonen with a rebound.
0:51 of 3rd period - Slapshot by Dustin Penner.
0:51 of 3rd period - Shot Misses the Net.
0:53 of 3rd period - Wrist shot by Brad Boyes.
0:53 of 3rd period - Shot Misses the Net.
1:04 of 3rd period - Penalty to Robert Nilsson is over, Robert Nilsson is back on ice.
1:27 of 3rd period - Snap shot by Steve Ott.
1:27 of 3rd period - Stopped by Kari Lehtonen without a rebound.
1:28 of 3rd period - Viktor Kozlov wins face-off versus Claude Giroux in Canadiens zone.
1:30 of 3rd period - Minor Penalty to Dustin Penner for Holding.
1:30 of 3rd period - Minor Penalty to Eric Cairns for Holding.
1:31 of 3rd period - Peter Forsberg wins face-off versus Robert Nilsson in neutral zone.
1:38 of 3rd period - Snap shot by Claude Giroux.
1:38 of 3rd period - Goal by Claude Giroux - Canadiens : 1 - Maple Leafs : 4.
1:39 of 3rd period - Peter Forsberg wins face-off versus Robert Nilsson in neutral zone.
2:47 of 3rd period - Snap shot by Claude Giroux.
2:47 of 3rd period - Shot Blocked by Tomas Kloucek.
3:27 of 3rd period - Backhand shot by Viktor Kozlov.
3:27 of 3rd period - Shot Misses the Net.
3:30 of 3rd period - Penalty to Dustin Penner is over, Dustin Penner is back on ice.
3:30 of 3rd period - Penalty to Eric Cairns is over, Eric Cairns is back on ice.
3:36 of 3rd period - Brett Clark is hit by Tyler Arnason and loses puck.
3:43 of 3rd period - Eric Cairns is hit by Alex Goligoski and loses puck.
3:45 of 3rd period - Minor Penalty to Shane O'Brien for Hooking.
3:46 of 3rd period - Robert Nilsson wins face-off versus Peter Forsberg in Canadiens zone.
5:45 of 3rd period - Penalty to Shane O'Brien is over, Shane O'Brien is back on ice.
6:10 of 3rd period - Icing by Alex Goligoski.
6:11 of 3rd period - Viktor Kozlov wins face-off versus Paul Stastny in Maple Leafs zone.
6:12 of 3rd period - Snap shot by Richard Zednik.
6:12 of 3rd period - Shot Misses the Net.
6:14 of 3rd period - Wrist shot by Richard Zednik.
6:14 of 3rd period - Deflect By Tomas Holmstrom.
6:14 of 3rd period - Stopped by Marc-André Fleury with a rebound.
6:16 of 3rd period - Slapshot by Shane O'Brien.
6:16 of 3rd period - Shot Misses the Net.
6:18 of 3rd period - Snap shot by Viktor Kozlov.
6:18 of 3rd period - Shot Blocked by Tobias Enstrom.
6:20 of 3rd period - Wrist shot by Richard Zednik.
6:20 of 3rd period - Deflect By Viktor Kozlov.
6:20 of 3rd period - Shot Misses the Net.
6:20 of 3rd period - Puck is out of play.
6:21 of 3rd period - Robert Nilsson wins face-off versus Rob Niedermayer in Maple Leafs zone.
6:32 of 3rd period - Snap shot by Rob Niedermayer.
6:32 of 3rd period - Stopped by Kari Lehtonen without a rebound.
6:33 of 3rd period - Peter Forsberg wins face-off versus Robert Nilsson in Canadiens zone.
7:11 of 3rd period - Tobias Enstrom is hit by Ryane Clowe and loses puck.
7:24 of 3rd period - Tomas Kloucek is hit by Rob Niedermayer.
7:32 of 3rd period - Backhand shot by Viktor Kozlov.
7:32 of 3rd period - Stopped by Marc-André Fleury with a rebound.
8:54 of 3rd period - Marek Svatos is hit by Peter Forsberg and loses puck.
9:33 of 3rd period - Lasse Kukkonen is hit by Ryane Clowe and loses puck.
9:51 of 3rd period - Double Minor Penalty to Rob Niedermayer for Roughing.
9:52 of 3rd period - Peter Forsberg wins face-off versus Robert Nilsson in Maple Leafs zone.
10:23 of 3rd period - Wrist shot by Viktor Kozlov.
10:23 of 3rd period - Stopped by Marc-André Fleury without a rebound.
10:24 of 3rd period - Peter Forsberg wins face-off versus Robert Nilsson in Maple Leafs zone.
10:39 of 3rd period - Wrist shot by Marek Svatos.
10:39 of 3rd period - Stopped by Marc-André Fleury without a rebound.
10:40 of 3rd period - Robert Nilsson wins face-off versus Peter Forsberg in Maple Leafs zone.
10:45 of 3rd period - Wrist shot by Donald Brashear.
10:45 of 3rd period - Shot Blocked by Dion Phaneuf.
11:01 of 3rd period - Brad Boyes is hit by Tomas Holmstrom.
11:05 of 3rd period - Viktor Kozlov is hit by Dion Phaneuf and loses puck.
12:56 of 3rd period - Brad Boyes is hit by Tyler Arnason and loses puck.
13:51 of 3rd period - Penalty to Rob Niedermayer is over, Rob Niedermayer is back on ice.
14:27 of 3rd period - Michel Ouellet is hit by Derek Roy and loses puck.
14:38 of 3rd period - Tomas Kloucek is hit by Andy Hilbert and loses puck.
15:07 of 3rd period - Dustin Penner is hit by Ryane Clowe and loses puck.
15:22 of 3rd period - Tyler Sloan is hit by Zach Parise and loses puck.
17:00 of 3rd period - Éric Desjardins is hit by Dion Phaneuf and loses puck.
17:15 of 3rd period - Snap shot by Donald Brashear.
17:15 of 3rd period - Shot Misses the Net.
18:12 of 3rd period - Icing by Alex Goligoski.
18:13 of 3rd period - Tyler Arnason wins face-off versus Rob Niedermayer in Maple Leafs zone.
18:16 of 3rd period - Snap shot by Tyler Arnason.
18:16 of 3rd period - Deflect By Michel Ouellet.
18:16 of 3rd period - Stopped by Marc-André Fleury with a rebound.
18:38 of 3rd period - Tyler Sloan is hit by Zach Parise and loses puck.
18:52 of 3rd period - Minor Penalty to Richard Zednik for Holding.
18:53 of 3rd period - Peter Forsberg wins face-off versus Robert Nilsson in Canadiens zone.
19:09 of 3rd period - Minor Penalty to Robert Nilsson for Interference.
19:10 of 3rd period - Peter Forsberg wins face-off versus Ryan Bayda in Canadiens zone.
19:13 of 3rd period - Wrist shot by Peter Forsberg.
19:13 of 3rd period - Shot Blocked by Éric Desjardins.
19:17 of 3rd period - Slapshot by Claude Giroux.
19:17 of 3rd period - Stopped by Kari Lehtonen without a rebound.
19:18 of 3rd period - Peter Forsberg wins face-off versus Ryan Bayda in Canadiens zone.
Output by the SimonT Hockey Simulator (STHS) for François Prévost -- Original Page W3C XHTML 1.0 Valid